[Event "ICC tourney 1905 (10 3)"]
[Site "Internet Chess Club"]
[Date "2020.07.05"]
[Round "8"]
[White "helavir"]
[Black "GGuseinov"]
[Result "1/2-1/2"]
[ICCResult "Game drawn by mutual agreement"]
[WhiteElo "2206"]
[BlackElo "3011"]
[Opening "Sicilian: accelerated fianchetto, Gurgenidze variation"]
[ECO "B36"]
[NIC "SI.33"]
[Time "16:15:09"]
[TimeControl "600+3"]

1. e4 c5 2. Nf3 g6 3. d4 cxd4 4. Nxd4 Nc6 5. c4 Nf6 6. Nc3 Nxd4 7. Qxd4 d6
8. Be3 Bg7 9. Be2 O-O 10. Qd2 a5 11. Rd1 a4 12. O-O Qa5 13. Bd4 Be6 14. Qe3
Rfc8 {Game drawn by mutual agreement} 1/2-1/2

[Event "ICC tourney 1905 (10 3)"]
[Site "Internet Chess Club"]
[Date "2020.07.05"]
[Round "8"]
[White "Kiwimonster31"]
[Black "kptl132"]
[Result "0-1"]
[ICCResult "White checkmated"]
[WhiteElo "1467"]
[BlackElo "1502"]
[Opening "Sicilian: accelerated fianchetto, modern variation"]
[ECO "B34"]
[NIC "SI.33"]
[Time "16:15:05"]
[TimeControl "600+3"]

1. e4 c5 2. Nf3 Nc6 3. d4 cxd4 4. Nxd4 g6 5. Nc3 Bg7 6. Be3 Nf6 7. Nxc6 bxc6
8. e5 Nd5 9. Nxd5 cxd5 10. Qxd5 Rb8 11. O-O-O O-O 12. Bxa7 Rb4 13. Qc5 Rb7
14. Qe3 Qa5 15. Bd4 Qxa2 16. Bc3 d6 17. f4 Bg4 18. Be2 Bxe2 19. Qxe2 dxe5
20. fxe5 Bh6+ 21. Bd2 Qa1# {White checkmated} 0-1

[Event "ICC tourney 1905 (10 3)"]
[Site "Internet Chess Club"]
[Date "2020.07.05"]
[Round "8"]
[White "ganzy"]
[Black "Candychessguru"]
[Result "1-0"]
[ICCResult "Black resigns"]
[WhiteElo "1440"]
[BlackElo "1614"]
[Opening "Caro-Kann: advance variation"]
[ECO "B12"]
[NIC "CK.04"]
[Time "16:15:18"]
[TimeControl "600+3"]

1. e4 c6 2. d4 d5 3. e5 Bf5 4. g4 Be4 5. f3 Bg6 6. e6 h5 7. Bd3 Bxd3 8.
exf7+ Kxf7 9. Qxd3 hxg4 10. fxg4 Qd6 11. Nf3 Nd7 12. Ng5+ Ke8 13. Bf4 Qb4+
14. c3 Qb6 15. Qg6+ Kd8 16. Ne6+ Kc8 17. Qe8+ {Black resigns} 1-0

[Event "ICC tourney 1905 (10 3)"]
[Site "Internet Chess Club"]
[Date "2020.07.05"]
[Round "8"]
[White "destroyingeagle"]
[Black "taupuri"]
[Result "1/2-1/2"]
[ICCResult "Game drawn by mutual agreement"]
[WhiteElo "1445"]
[BlackElo "1326"]
[Opening "R?ti: King's Indian attack (Barcza system)"]
[ECO "A07"]
[NIC "QP.09"]
[Time "16:15:09"]
[TimeControl "600+3"]

1. Nf3 d5 2. g3 Nf6 3. Bg2 c6 4. O-O Bf5 5. d3 Nbd7 6. Nbd2 e6 7. Qe1 Bc5 8.
e4 dxe4 9. dxe4 Bg6 10. Qe2 O-O 11. c3 Qc7 12. b4 Bd6 13. Nh4 e5 14. Nxg6
hxg6 15. Nc4 Be7 16. Bg5 Rad8 17. Ne3 Nb6 18. Bxf6 Bxf6 19. a4 Rd7 20. a5
Nc8 21. Rfd1 Rfd8 22. Rxd7 Rxd7 23. Rd1 Qd8 24. Rxd7 Qxd7 25. Bf1 Ne7 26.
Qd3 Qxd3 27. Bxd3 Nc8 28. Nc4 Kf8 29. Kf1 Ke7 30. Ke2 Nd6 31. Nxd6 Kxd6 32.
Bc4 Ke7 33. Kd3 Bg5 34. f3 f5 35. Bb3 f4 36. g4 Bf6 37. Kd2 g5 38. Kd3 Kd6
39. c4 Be7 40. Kc3 Bf6 41. Ba2 Be7 {Game drawn by mutual agreement} 1/2-1/2

[Event "ICC tourney 1905 (10 3)"]
[Site "Internet Chess Club"]
[Date "2020.07.05"]
[Round "8"]
[White "JosephLevine"]
[Black "RagingKnightNC"]
[Result "0-1"]
[ICCResult "White checkmated"]
[WhiteElo "1617"]
[BlackElo "1549"]
[Opening "Sicilian"]
[ECO "B54"]
[NIC "SI.01"]
[Time "16:15:58"]
[TimeControl "600+3"]

1. e4 c5 2. Nf3 d6 3. d4 cxd4 4. Nxd4 Nc6 5. Nc3 e5 6. Nb3 Nf6 7. Be3 Be7 8.
Be2 Be6 9. Qd2 d5 10. exd5 Nxd5 11. Nxd5 Qxd5 12. O-O-O O-O-O 13. Qxd5 Bxd5
14. c4 Be6 15. Nc5 Bxc5 16. Bxc5 Kc7 17. Rxd8 Rxd8 18. Rd1 Nd4 19. Bxd4 Rxd4
20. Rxd4 exd4 21. Kd2 Kd6 22. b4 Ke5 23. c5 Bxa2 24. g3 g5 25. h4 h6 26.
hxg5 hxg5 27. b5 Kd5 28. c6 bxc6 29. Bf3+ Kd6 30. bxc6 Bc4 31. Be4 Bb5 32.
Bf3 f6 33. Bh5 Kxc6 34. f4 Kc5 35. fxg5 fxg5 36. Bg6 a5 37. Bb1 a4 38. Ke1
Bc4 39. Kf2 a3 40. Kf3 a2 41. Bxa2 Bxa2 42. Kg4 Kb4 43. Kxg5 d3 44. Kf6 d2
45. g4 d1=Q 46. g5 Qd8+ 47. Kg6 Qg8+ 48. Kh6 Bf7 49. g6 Qxg6# {White
checkmated} 0-1

[Event "ICC tourney 1905 (10 3)"]
[Site "Internet Chess Club"]
[Date "2020.07.05"]
[Round "8"]
[White "Pschaak"]
[Black "harkerchess"]
[Result "1-0"]
[ICCResult "Black checkmated"]
[WhiteElo "2086"]
[BlackElo "1316"]
[Opening "Queen's bishop game"]
[ECO "D02"]
[NIC "QP.08"]
[Time "16:15:05"]
[TimeControl "600+3"]

1. d4 d5 2. Nf3 Nf6 3. Bf4 c5 4. e3 Nc6 5. c3 e6 6. Nbd2 cxd4 7. cxd4 Nh5 8.
Bg5 f6 9. Bh4 g6 10. a3 Bd6 11. Bd3 O-O 12. O-O Ng7 13. b4 a6 14. Bg3 b5 15.
Qc2 Bb7 16. Bxd6 Qxd6 17. Qc5 Qd7 18. Rfc1 Rac8 19. Qb6 e5 20. Nb3 Qc7 21.
Qxc7 Rxc7 22. dxe5 fxe5 23. Nxe5 Rfc8 24. Nxc6 Rxc6 25. Rxc6 Rxc6 26. Rc1
Rxc1+ 27. Nxc1 Ne6 28. Nb3 Kf7 29. f3 Ke7 30. Kf2 Kd6 31. Kg3 Bc8 32. Nd4
Nxd4 33. exd4 Ke6 34. h4 Kf6 35. h5 Bb7 36. f4 Bc8 37. Kh4 Bd7 38. g3 Be6
39. Be2 Bc8 40. Bg4 Bb7 41. Bd7 Kg7 42. g4 Kh6 43. hxg6 hxg6 44. Be8 g5+ 45.
fxg5+ Kh7 46. Kh5 Kg7 47. g6 Bc8 48. Kg5 Be6 49. Bf7 Bxf7 50. gxf7 Kxf7 51.
Kf5 Kg7 52. Ke5 Kg6 53. Kxd5 Kg5 54. Kc6 Kxg4 55. d5 Kf4 56. d6 Ke3 57. d7
Kd2 58. d8=Q+ Kc1 59. Qa8 Kb2 60. Qxa6 Ka1 61. Qxb5 Ka2 62. Qc5 Ka1 63. b5
Ka2 64. b6 Ka1 65. b7 Ka2 66. b8=Q Ka1 67. Qc1+ Ka2 68. Qcb2# {Black
checkmated} 1-0

[Event "ICC tourney 1905 (10 3)"]
[Site "Internet Chess Club"]
[Date "2020.07.05"]
[Round "8"]
[White "Openyagami"]
[Black "Kokoro"]
[Result "1-0"]
[ICCResult "Black resigns"]
[WhiteElo "2825"]
[BlackElo "1841"]
[Opening "English opening"]
[ECO "A20"]
[NIC "EO.24"]
[Time "16:15:36"]
[TimeControl "600+3"]

1. c4 e5 2. g3 Nf6 3. Bg2 d5 4. cxd5 Nxd5 5. Nf3 Nc6 6. O-O Be7 7. d4 e4 8.
Ne5 f5 9. Nxc6 bxc6 10. Qa4 Qd6 11. Nd2 Nb6 12. Qc2 Qxd4 13. Qxc6+ Bd7 14.
Qxc7 Rc8 15. Qxa7 Ra8 16. Qc7 Nd5 17. Qb7 Ra7 18. Qb8+ Bd8 19. Nb3 Qb6 20.
Qe5+ Qe6 21. Qxg7 Bf6 22. Qh6 Qe7 23. Qh5+ Qf7 24. Qxf7+ Kxf7 25. Rd1 Nb4
26. Be3 Rc7 27. Bb6 Rb7 28. Nc5 Rxb6 29. Nxd7 Ra6 30. Nxf6 Kxf6 31. a3 Rha8
32. Rac1 Na2 33. Rc5 Ra5 34. Rc6+ Ke5 35. f4+ exf3 36. exf3 f4 37. Ra1 Nb4
38. Re1+ Kd5 39. axb4 Kxc6 40. bxa5 Rxa5 41. gxf4 {Black resigns} 1-0

[Event "ICC tourney 1905 (10 3)"]
[Site "Internet Chess Club"]
[Date "2020.07.05"]
[Round "8"]
[White "MrNormalName"]
[Black "danbron"]
[Result "1-0"]
[ICCResult "Black checkmated"]
[WhiteElo "1743"]
[BlackElo "1858"]
[Opening "Catalan: open, 5.Nf3"]
[ECO "E04"]
[NIC "CA.03"]
[Time "16:15:56"]
[TimeControl "600+3"]

1. d4 Nf6 2. c4 e6 3. g3 d5 4. Bg2 dxc4 5. Nf3 a6 6. O-O Nc6 7. e3 Rb8 8.
Nfd2 Bd7 9. Nxc4 Nb4 10. a3 Nbd5 11. e4 Nb6 12. Nxb6 cxb6 13. Nc3 Be7 14. e5
Nd5 15. Nxd5 exd5 16. Bxd5 Bh3 17. Bxf7+ Kxf7 18. Qh5+ g6 19. Qxh3 Qxd4 20.
e6+ Kg7 21. Qh6+ Kg8 22. Qf4 Qd8 23. Qf7# {Black checkmated} 1-0

[Event "ICC tourney 1905 (10 3)"]
[Site "Internet Chess Club"]
[Date "2020.07.05"]
[Round "8"]
[White "manest"]
[Black "PushU2Blunders"]
[Result "1-0"]
[ICCResult "Black resigns"]
[WhiteElo "2787"]
[BlackElo "2153"]
[Opening "QGD: exchange, positional line"]
[ECO "D35"]
[NIC "QO.16"]
[Time "16:15:58"]
[TimeControl "600+3"]

1. d4 Nf6 2. c4 e6 3. Nc3 d5 4. cxd5 exd5 5. Bg5 Be7 6. e3 O-O 7. Bd3 c6 8.
Qc2 h6 9. Bh4 Be6 10. Nf3 Nbd7 11. O-O Rc8 12. Rfd1 Qb6 13. Ne5 Rfe8 14.
Nxd7 Nxd7 15. Bxe7 Rxe7 16. Na4 Qc7 17. b4 Bg4 18. Rdc1 Qd6 19. b5 Ree8 20.
bxc6 bxc6 21. Nc5 Nxc5 22. Qxc5 Qd7 23. Rab1 Bf5 24. Bxf5 Qxf5 25. Rb7 a6
26. Rb6 Re6 27. Rxa6 Rg6 28. Qc2 Qg4 29. g3 h5 30. Qd1 Qf5 31. h4 Qh3 32.
Qxh5 Rb8 33. Qe5 Rb2 34. Ra8+ Kh7 35. Qh5+ Rh6 36. Qxf7 {Black resigns} 1-0

[Event "ICC tourney 1905 (10 3)"]
[Site "Internet Chess Club"]
[Date "2020.07.05"]
[Round "8"]
[White "musk6868"]
[Black "GutsyEdge"]
[Result "0-1"]
[ICCResult "White forfeits on time"]
[WhiteElo "1650"]
[BlackElo "1159"]
[Opening "Sicilian: Alapin's variation (2.c3)"]
[ECO "B22"]
[NIC "SI.46"]
[Time "16:15:58"]
[TimeControl "600+3"]

1. e4 c5 2. c3 Nf6 3. e5 Nd5 4. Bc4 Nb6 5. Bb3 d5 6. d4 cxd4 7. cxd4 Bf5 8.
Nc3 Nc6 9. Nf3 e6 10. Bg5 Be7 11. Bxe7 Qxe7 12. h3 Be4 13. Nxe4 dxe4 14. Nd2
e3 15. fxe3 Qh4+ 16. Ke2 O-O-O 17. Qe1 Qg5 18. Kf2 Nd5 19. Bxd5 Rxd5 20. Nf3
Qg6 21. Qc3 Kb8 22. Rhe1 Rc8 23. Rac1 Rdd8 24. Qd2 h5 25. Rc3 Qf5 26. Kg1 g5
27. e4 Qg6 28. d5 g4 29. Nh4 Qg7 30. Qf4 Qxe5 31. Qxf7 exd5 32. Ng6 Qd4+ 33.
Kh1 gxh3 34. exd5 hxg2+ 35. Kxg2 Rxd5 36. Qf4+ Qxf4 37. Nxf4 Rd2+ 38. Kh3
Rxb2 39. Nxh5 Rxa2 40. Nf6 a6 41. Nd7+ Ka7 42. Rb1 Rc7 43. Nc5 Na5 44. Ne4
Rxc3+ 45. Nxc3 Ra3 46. Rc1 Nb3 47. Rc2 Nd4 48. Rc1 Ne2 {White forfeits on
time} 0-1

[Event "ICC tourney 1905 (10 3)"]
[Site "Internet Chess Club"]
[Date "2020.07.05"]
[Round "8"]
[White "Sina101"]
[Black "Venegas"]
[Result "1-0"]
[ICCResult "Black resigns"]
[WhiteElo "1550"]
[BlackElo "1651"]
[Opening "Old Benoni defense"]
[ECO "A43"]
[NIC "OI.09"]
[Time "16:15:12"]
[TimeControl "600+3"]

1. d4 c5 2. e3 Nf6 3. Nf3 g6 4. Bd3 Bg7 5. O-O cxd4 6. exd4 O-O 7. Re1 d6 8.
Bg5 Nc6 9. c3 Re8 10. Na3 Qa5 11. Nc4 Qc7 12. Qd2 Rb8 13. a4 b5 14. axb5
Rxb5 15. Nxd6 Rxg5 16. Nxe8 Rxg2+ 17. Kxg2 Nxe8 18. Qe3 Nf6 19. Nd2 Nd5 20.
Qg3 Nf4+ 21. Kh1 Bh6 22. Ne4 Bb7 23. Kg1 Qc8 24. Bf1 Qf5 25. Nc5 Ba8 26. b4
Nh5 27. Qg2 Kg7 28. Bd3 Qf6 29. Ne4 Qh4 30. Ng3 Nf4 31. Nf5+ Kf6 32. Nxh4
Nxg2 33. Nxg2 {Black resigns} 1-0

[Event "ICC tourney 1905 (10 3)"]
[Site "Internet Chess Club"]
[Date "2020.07.05"]
[Round "8"]
[White "Ktsuei1102"]
[Black "davika21"]
[Result "0-1"]
[ICCResult "White checkmated"]
[WhiteElo "1403"]
[BlackElo "1585"]
[Opening "QGD: exchange, positional line"]
[ECO "D35"]
[NIC "QO.16"]
[Time "16:15:27"]
[TimeControl "600+3"]

1. d4 d5 2. c4 e6 3. Nc3 Nf6 4. cxd5 exd5 5. Bg5 Be7 6. Nf3 c6 7. e3 O-O 8.
Bd3 Nbd7 9. O-O Re8 10. Rc1 Nf8 11. Ne5 Ng6 12. Nxg6 hxg6 13. Ne2 Ne4 14.
Bxe7 Qxe7 15. Bxe4 Qxe4 16. Ng3 Qe7 17. Re1 Be6 18. a3 Rec8 19. Qb3 b6 20.
Qd3 c5 21. e4 dxe4 22. Qxe4 cxd4 23. Qxd4 Rxc1 24. Rxc1 Rd8 25. Qe3 Qd7 26.
h3 Qd2 27. Qxd2 Rxd2 28. Rc7 a5 29. b4 axb4 30. axb4 Rb2 31. Ne4 Rxb4 32.
Ng5 Kf8 33. Rb7 b5 34. Nxe6+ fxe6 35. Kf1 Rb2 36. g3 b4 37. Kg2 b3 38. Kf3
Rb1 39. Ke2 b2 40. Kd2 Rf1 41. Rxb2 Rxf2+ 42. Kc3 Rxb2 43. Kxb2 Kf7 44. Kc3
Kf6 45. Kd3 Ke5 46. Ke3 g5 47. Kf3 Kf5 48. Ke3 Ke5 49. Kf3 Kd4 50. Kg4 e5
51. Kxg5 e4 52. Kg6 e3 53. Kxg7 e2 54. g4 e1=Q 55. g5 Qh4 56. g6 Qxh3 57.
Kg8 Ke5 58. g7 Kf6 59. Kf8 Qc8# {White checkmated} 0-1

[Event "ICC tourney 1905 (10 3)"]
[Site "Internet Chess Club"]
[Date "2020.07.05"]
[Round "8"]
[White "andrewjiang2"]
[Black "IAlwaysWin"]
[Result "1-0"]
[ICCResult "Black forfeits on time"]
[WhiteElo "1168"]
[BlackElo "1479"]
[Opening "Caro-Kann: classical, 6.h4"]
[ECO "B18"]
[NIC "CK.11"]
[Time "16:15:56"]
[TimeControl "600+3"]

1. e4 c6 2. d4 d5 3. Nc3 dxe4 4. Nxe4 Bf5 5. Ng3 Bg6 6. h4 h6 7. h5 Bh7 8.
Bd3 Bxd3 9. Qxd3 e6 10. Nf3 Nf6 11. Bd2 Be7 12. O-O-O O-O 13. Ne4 Nxe4 14.
Qxe4 Qd5 15. Qxd5 cxd5 16. Ne5 Nc6 17. Nxc6 bxc6 18. Be3 Rfc8 19. c3 c5 20.
dxc5 Bxc5 21. Bd4 Rab8 22. Bxc5 Rxc5 23. Rd4 Rcb5 24. b3 a5 25. Kb2 e5 26.
Rd2 a4 27. b4 d4 28. a3 dxc3+ 29. Kxc3 Rc8+ 30. Kb2 Rb7 31. Re1 f6 32. Rd5
Rbc7 33. Re2 Kf7 34. Ra5 Rc4 35. Rxa4 Rh4 36. Ra7+ Kg8 37. Rd2 Rxh5 38. Rdd7
Rg5 39. g3 e4 40. Re7 f5 41. b5 Rg6 42. a4 Rd6 43. Red7 Re6 44. Rxg7+ Kf8
45. Raf7+ Ke8 46. Rxf5 Rd6 47. Rg8+ Kd7 48. Rf7+ Ke6 49. Rg6+ Kxf7 50. Rxd6
Ke7 51. Rxh6 Kd7 52. Kb3 Re8 53. b6 e3 54. fxe3 Rxe3+ 55. Kb4 Rxg3 56. Kb5
Rb3+ 57. Ka6 {Black forfeits on time} 1-0

[Event "ICC tourney 1905 (10 3)"]
[Site "Internet Chess Club"]
[Date "2020.07.05"]
[Round "8"]
[White "espark"]
[Black "justinchess"]
[Result "0-1"]
[ICCResult "White resigns"]
[WhiteElo "1744"]
[BlackElo "2165"]
[Opening "Sicilian: Najdorf"]
[ECO "B90"]
[NIC "SI.14"]
[Time "16:15:13"]
[TimeControl "600+3"]

1. e4 c5 2. Nf3 d6 3. d4 Nf6 4. Nc3 cxd4 5. Nxd4 a6 6. a3 g6 7. f3 b5 8. Be3
Bb7 9. Qd2 Nbd7 10. g4 h6 11. h4 Rc8 12. O-O-O Ne5 13. Kb1 Bg7 14. Be2 Nc4
15. Bxc4 Rxc4 16. g5 hxg5 17. hxg5 Rxh1 18. Rxh1 Nh5 19. Nde2 Qa5 20. Bd4
Bf8 21. Nc1 Rc8 22. Nb3 Qc7 23. Rd1 e5 24. Be3 Be7 25. Qf2 Qd8 26. Bb6 Qd7
27. Nc5 Qc6 28. Nxb7 Qxb7 29. Be3 b4 30. axb4 Qxb4 31. Nd5 Qb7 32. Qd2 Rc6
33. b3 Bd8 34. f4 exf4 35. Bxf4 a5 36. Be3 Qb5 37. Bd4 a4 38. b4 a3 39. Bf6
Nxf6 40. gxf6 Qc4 41. Rh1 Kd7 42. Rh3 a2+ 43. Kb2 Qxc2+ 44. Qxc2 Rxc2+ 45.
Ka1 Ke6 46. b5 Bxf6+ 47. Nxf6 Kxf6 48. b6 Rc8 49. Kxa2 Rb8 50. Rb3 Ke5 51.
Rb4 g5 52. Ka3 g4 53. Ka4 g3 54. Ka5 g2 55. Rb1 Kxe4 56. Ka6 f5 57. Ka7 Rg8
58. b7 g1=Q+ {White resigns} 0-1

[Event "ICC tourney 1905 (10 3)"]
[Site "Internet Chess Club"]
[Date "2020.07.05"]
[Round "8"]
[White "RisingRook"]
[Black "investigator"]
[Result "0-1"]
[ICCResult "White resigns"]
[WhiteElo "1392"]
[BlackElo "1561"]
[Opening "Pirc defense"]
[ECO "B07"]
[NIC "PU.07"]
[Time "16:15:13"]
[TimeControl "600+3"]

1. e4 d6 2. d4 Nf6 3. Nc3 g6 4. Be3 a6 5. Qd2 b5 6. Bd3 Nbd7 7. f4 Ng4 8. e5
Bg7 9. Be4 Rb8 10. Nf3 Nxe3 11. Qxe3 O-O 12. h4 c5 13. e6 fxe6 14. Bxg6 e5
15. Bxh7+ Kh8 16. dxe5 dxe5 17. fxe5 Rxf3 18. Qxf3 Nxe5 19. Qe4 Bb7 20. Qf5
Bxg2 21. Rd1 Bxh1 22. Rxd8+ Rxd8 23. Ne4 Rf8 24. Qe6 Kxh7 25. Ng5+ Kh8 26.
Kd1 Bg2 27. Qxe7 Bd5 28. h5 Rf1+ 29. Ke2 Bc4+ 30. Ke3 Re1+ 31. Kf2 Nd3+ 32.
cxd3 Rxe7 33. dxc4 bxc4 34. Nf3 {White resigns} 0-1

[Event "ICC tourney 1905 (10 3)"]
[Site "Internet Chess Club"]
[Date "2020.07.05"]
[Round "8"]
[White "Xuanli28"]
[Black "DanLapan"]
[Result "1-0"]
[ICCResult "Black forfeits on time"]
[WhiteElo "1678"]
[BlackElo "1585"]
[Opening "King's pawn game"]
[ECO "C50"]
[NIC "IG.03"]
[Time "16:15:08"]
[TimeControl "600+3"]

1. e4 e5 2. Nf3 Nc6 3. Bc4 g6 4. d4 exd4 5. Nxd4 Bg7 6. Nxc6 bxc6 7. O-O Ne7
8. Nc3 O-O 9. Bg5 h6 10. Be3 d6 11. Qd2 Kh7 12. Rad1 Be6 13. Bxe6 fxe6 14.
Ne2 e5 15. f4 exf4 16. Nxf4 Qd7 17. Bd4 Bxd4+ 18. Qxd4 Rae8 19. Qxa7 Ra8 20.
Qd4 Rxa2 21. e5 Nf5 22. Qd3 Rxb2 23. Nxg6 Kxg6 24. g4 Kh7 25. gxf5 Qg7+ 26.
Qg3 dxe5 27. Qxg7+ Kxg7 28. Rd2 Kf6 29. Rg2 e4 30. Rg6+ Ke5 31. Rxc6 Rf7 32.
Rxh6 Rxc2 33. Re6+ Kd4 34. Rd1+ Ke3 35. Re1+ Kf3 36. R6xe4 Rg7+ 37. Kh1 Rgg2
38. R1e3+ Kf2 39. Re2+ Kf1 40. Rxg2 {Black forfeits on time} 1-0

[Event "ICC tourney 1905 (10 3)"]
[Site "Internet Chess Club"]
[Date "2020.07.05"]
[Round "8"]
[White "Venom2020"]
[Black "playtowin2020"]
[Result "1-0"]
[ICCResult "Black resigns"]
[WhiteElo "1872"]
[BlackElo "1576"]
[Opening "Sicilian: accelerated fianchetto, modern variation with Bc4"]
[ECO "B35"]
[NIC "SI.33"]
[Time "16:15:58"]
[TimeControl "600+3"]

1. e4 c5 2. Nf3 g6 3. d4 cxd4 4. Nxd4 Nc6 5. Nc3 Bg7 6. Be3 Nf6 7. Bc4 O-O
8. Bb3 a5 9. f3 d5 10. Bxd5 Nxd5 11. exd5 Nxd4 12. Bxd4 e5 13. Bf2 Bd7 14.
a4 Rc8 15. O-O Re8 16. Re1 f5 17. Qd3 Qg5 18. Rad1 Qh5 19. d6 Rc6 20. Qd5+
Kh8 21. Qxa5 f4 22. Rd2 g5 23. h3 Bf6 24. Ne4 Bd8 25. Qb4 b6 26. Rde2 Qf7
27. Nc3 Qg7 28. Rxe5 Rxe5 29. Rxe5 Bf6 30. Re4 Qf8 31. Bxb6 Qxd6 32. Qxd6
Rxd6 33. a5 Bc6 34. Re1 Kg7 35. Rd1 Re6 36. Kf2 Kg6 37. Bd4 Bd8 38. a6 Rd6
39. Rd3 Rxd4 40. Rxd4 Bb6 41. Ne2 Bb5 42. Ke1 Bxd4 43. Nxd4 Bxa6 44. Ne2 Kf5
45. Nc3 h5 46. Kf2 Ke5 47. Ne4 g4 48. hxg4 hxg4 49. Nc5 g3+ 50. Ke1 Bb5 51.
Nd3+ Kf5 52. Kd2 Bc6 53. Ne1 Bb7 54. Kd3 Ke5 55. c4 Bc8 56. b4 Kd6 57. Ke4
Ba6 58. c5+ Kc6 59. Kxf4 Kb5 60. Nc2 Kc4 61. Kxg3 Kc3 62. Ne3 Kxb4 63. c6
Kc5 64. Nc2 Bc8 65. c7 Kd6 66. Kf4 Kxc7 67. g4 Kd6 68. Ne3 Ke6 69. g5 Kf7
70. Nc4 Kg6 71. Ne5+ Kg7 72. Kg3 Bf5 73. f4 Bb1 74. Kg4 Ba2 75. f5 Bd5 76.
g6 Kf6 77. Kf4 Ba2 78. Ng4+ Kg7 79. Kg5 Bb1 80. f6+ Kg8 81. Ne5 Ba2 82. Nd7
Be6 83. Ne5 Ba2 84. Kh6 Kh8 85. g7+ Kg8 86. f7+ Bxf7 87. Nxf7 Kxf7 88. Kh7
Kf6 89. g8=Q {Black resigns} 1-0

[Event "ICC tourney 1905 (10 3)"]
[Site "Internet Chess Club"]
[Date "2020.07.05"]
[Round "8"]
[White "KnightHopper"]
[Black "dabbindino"]
[Result "1-0"]
[ICCResult "Black resigns"]
[WhiteElo "1799"]
[BlackElo "1737"]
[Opening "Sicilian defense"]
[ECO "B41"]
[NIC "SI.43"]
[Time "16:15:26"]
[TimeControl "600+3"]

1. e4 c5 2. Nf3 e6 3. d4 cxd4 4. c3 Nf6 5. e5 Nd5 6. cxd4 Nc6 7. a3 d6 8.
Bd3 Qc7 9. Qe2 Nxd4 10. Qd1 Nxf3+ 11. gxf3 dxe5 12. Bd2 Bc5 13. Nc3 Nxc3 14.
Bxc3 Bd7 15. O-O O-O 16. Rc1 Qd6 17. f4 Qe7 18. Bxe5 f5 19. b4 Bb6 20. Bc4
Qf7 21. Rc3 Rac8 22. Rg3 g6 23. Be2 Bc6 24. Bc4 Rfd8 25. Qe2 Bd5 26. Bxd5
Rxd5 27. h4 Bd4 28. Bxd4 Rxd4 29. h5 Rxf4 30. Qe3 Re4 31. hxg6 hxg6 32. Qg5
Kg7 33. Rd1 Rg4 34. Rxg4 fxg4 35. Qxg4 Rf8 36. Qg3 Re8 37. Qe5+ Kg8 38. Rd6
a6 39. Qd4 e5 40. Qe4 Kg7 41. Rb6 Re7 42. f3 Kh7 43. Kg2 Kg7 44. Kf2 Kh7 45.
Kg3 Kg7 46. Kg4 Kh6 47. a4 Re6 48. Rxb7 Qf6 49. Qe3+ g5 50. Qe4 Qf4+ 51.
Qxf4 exf4 52. Kf5 Rd6 53. b5 axb5 54. axb5 Rd3 55. Kg4 Rb3 56. b6 Kg6 57.
Rb8 Rb1 58. b7 Kg7 59. Kxg5 Rb4 60. Kf5 Kh7 61. Ke5 Kg7 62. Kd6 Rb3 63. Kc6
Rc3+ 64. Kb5 Rb3+ 65. Ka4 Rb1 66. Ka5 Ra1+ 67. Kb5 Rb1+ 68. Kc5 Rc1+ 69. Kd4
Rb1 70. Ke4 Rb3 71. Kxf4 Kh7 72. Ke5 Kg7 73. f4 Rb5+ 74. Ke6 Rb6+ 75. Ke7
Rb5 76. Kd6 Kh7 77. Kc7 Rc5+ 78. Kb6 {Black resigns} 1-0

[Event "ICC tourney 1905 (10 3)"]
[Site "Internet Chess Club"]
[Date "2020.07.05"]
[Round "8"]
[White "NyzhnykIllia"]
[Black "Aleksandrov73"]
[Result "1/2-1/2"]
[ICCResult "Game drawn because neither player has mating material"]
[WhiteElo "1913"]
[BlackElo "2277"]
[Opening "Nimzo-Indian: classical variation"]
[ECO "E32"]
[NIC "NI.20"]
[Time "16:15:20"]
[TimeControl "600+3"]

1. d4 Nf6 2. c4 e6 3. Nc3 Bb4 4. Qc2 O-O 5. a3 Bxc3+ 6. Qxc3 d5 7. Nf3 dxc4
8. Qxc4 b6 9. Bg5 Ba6 10. Qc2 Nbd7 11. g3 c5 12. Bg2 Rc8 13. Qa4 Bb7 14. O-O
Bc6 15. Qd1 Qc7 16. dxc5 bxc5 17. Qc2 Qb7 18. Nh4 h6 19. Be3 Nd5 20. Bd2 Rb8
21. b4 cxb4 22. axb4 Rfc8 23. Qb2 Nxb4 24. Rfb1 Nd5 25. Qxb7 Rxb7 26. Rc1
N7b6 27. Nf3 Ne7 28. Bb4 Bd5 29. Ne5 Rxc1+ 30. Rxc1 Bxg2 31. Kxg2 Nbd5 32.
Bd6 a5 33. e4 Nf6 34. Rc4 Ng6 35. Nc6 a4 36. e5 Nd5 37. Rxa4 Rb2 38. h4 h5
39. Ra3 Rc2 40. Nd4 Rc4 41. Ra8+ Kh7 42. Nf3 f6 43. Re8 Rc2 44. Kf1 Rc1+ 45.
Ke2 Rc2+ 46. Ke1 Rc3 47. Nd4 Nxe5 48. Bxe5 fxe5 49. Nxe6 Kg6 50. Ng5 Nf6 51.
Rxe5 Ra3 52. Kf1 Rb3 53. Kg2 Rb2 54. Nh3 Ng4 55. Rg5+ Kh6 56. Nf4 Nf6 57.
Rf5 Ra2 58. Nd3 Kg6 59. Re5 Kh6 60. Rb5 Ra3 61. Ne5 Ra2 62. Rb8 Kh7 63. Rb4
Kh6 64. Rf4 Kh7 65. Kh3 Kh6 66. f3 Kh7 67. Rf5 Rb2 68. g4 hxg4+ 69. fxg4
Rb3+ 70. Kg2 Rb5 71. Kg3 Rb3+ 72. Nf3 Ne4+ 73. Kf4 Nd6 74. Rf8 Rb4+ 75. Ke5
Nc4+ 76. Kd4 Nd2+ 77. Kc3 Nxf3 78. Kxb4 Nxh4 79. Kc4 Kg6 80. Rg8 Nf3 81. Kd5
Nh2 82. g5 Nf3 83. Rxg7+ Kxg7 84. g6 Kxg6
{Game drawn because neither player has mating material}
1/2-1/2

[Event "ICC tourney 1905 (10 3)"]
[Site "Internet Chess Club"]
[Date "2020.07.05"]
[Round "8"]
[White "jy2020"]
[Black "Kyle2007"]
[Result "0-1"]
[ICCResult "White resigns"]
[WhiteElo "1663"]
[BlackElo "1523"]
[Opening "Sicilian: accelerated fianchetto, Mar?czy bind"]
[ECO "B36"]
[NIC "SI.33"]
[Time "16:15:05"]
[TimeControl "600+3"]

1. e4 c5 2. Nf3 g6 3. d4 cxd4 4. Nxd4 Nc6 5. c4 Nf6 6. Nc3 d6 7. Be2 Nxd4 8.
Qxd4 Bg7 9. Be3 O-O 10. Qd2 Be6 11. O-O Qa5 12. Rac1 Rfc8 13. b3 a6 14. f3
b5 15. Nd5 Qxd2 16. Bxd2 Nxd5 17. exd5 Bd4+ 18. Kh1 Bd7 19. Rfd1 Bf6 20. Kg1
Bb2 21. Rc2 Bd4+ 22. Kf1 Bf5 23. Rcc1 Bb2 24. Rb1 Bxb1 25. Rxb1 Bf6 26. Be3
Rab8 27. Rc1 b4 28. c5 dxc5 29. Bxa6 Rd8 30. Rxc5 Ra8 31. Bc4 Rxa2 32. Rc6
Rda8 33. Bb5 Rb2 34. Ba4 Rd8 35. Bh6 Bd4 36. Rc4 Rf2+ 37. Ke1 Ba7 38. Rc7
Bd4 39. Rc4 Ba7 40. Rc7 Bb6 41. Rc6 Ba7 42. Rc7 Bd4 43. Rc4 Ba7 44. Rc7 Bb6
45. Rxe7 Rxg2 46. Be8 Rg1+ 47. Ke2 Rg2+ 48. Ke1 Rxh2 49. Bxf7+ Kh8 50. Bf4
Rh1+ 51. Ke2 Bd4 52. d6 Bf6 53. Re6 Kg7 54. Be8 Ra1 55. d7 Ra2+ 56. Kd3 Ra7
57. Rd6 Be7 58. Rd5 Kf6 59. Be3 Rc7 60. Bb6 Rc3+ 61. Ke4 Rxb3 62. Re5 Rb1
63. f4 Re1+ 64. Kd5 Rd1+ 65. Kc4 R8xd7 66. Bxd7 Rxd7 67. Bd4 Kf7 68. Re4
Rc7+ 69. Kb3 Rb7 70. Be5 Bf6 71. Bd6 h5 72. Kc4 b3 73. Re1 b2 74. Rb1 Ke6
75. Bc5 Kf5 76. Bd6 Bh4 77. Be5 Bf6 78. Bd6 h4 79. Kd3 h3 80. Kc2 h2 81. Bc5
Rc7 {White resigns} 0-1